 Dungeon Crawl Stone Soup version 0.25-a0-1130-g3926558f3a (webtiles) character file.

Game seed: 9028770716657568181, levelgen mode: classic

28 Amnesiac the Digger (level 3, 0/16 HPs)
             Began as a Vine Stalker Earth Elementalist on May 20, 2020.
             Slain by a leopard gecko (3 damage)
             ... on level 3 of the Dungeon.
             The game lasted 00:03:05 (646 turns).

Amnesiac the Digger (VSEE)                           Turns: 646, Time: 00:03:06

Health: 0/16       AC:  2    Str: 11    XL:     3   Next: 12%
Magic:  0/7        EV: 12    Int: 15    God:
Gold:   57         SH:  0    Dex: 14    Spells: 4/7 levels left

rFire    . . .     SeeInvis .   a - +0 dagger
rCold    . . .     Gourm    .   (no shield)
rNeg     . . .     Faith    .   c - +0 robe
rPois    .         Spirit   +   (no helmet)
rElec    .         Reflect  .   (no cloak)
rCorr    .         Harm     .   (no gloves)
MR       .....                  (no boots)
Stlth    ++........             (no amulet)
HPRegen  0.05/turn              (no ring)
MPRegen  0.10/turn              (no ring)

@: very slightly contaminated
A: fangs 2, magic shield, antimagic bite, no potion heal 3, rot immunity
a: no special abilities


You were on level 3 of the Dungeon.
You were not hungry.

You visited 1 branch of the dungeon, and saw 3 of its levels.

You collected 57 gold pieces.

Inventory:

Hand Weapons
 a - a +0 dagger (weapon)
Missiles
 b - 32 stones (quivered)
 e - 16 poisoned darts
Armour
 c - a +0 robe (worn)
Wands
 h - a wand of flame (30)
Scrolls
 g - 2 scrolls of identify {!r, unknown}
Comestibles
 d - a ration
 f - 3 chunks of flesh


   Skills:
 - Level 1.5 Dodging
 - Level 3.0 Stealth
 + Level 2.6 Spellcasting
 - Level 1.0 Transmutations
 * Level 3.6 Earth Magic


You had 4 spell levels left.
You knew the following spells:

 Your Spells              Type           Power        Failure   Level  Hunger
a - Sandblast             Erth           ##....       4%          1    #......
b - Passwall              Tmut/Erth      #.......     12%         2    ###....

Your spell library contained the following spells:

 Spells                   Type           Power        Failure   Level  Hunger
 Stone Arrow              Conj/Erth      #.....       28%         3    ###....
 Petrify                  Tmut/Erth      #.......     61%         4    #####..
 Lee's Rapid Deconstruct  Erth           ##........   77%         5    ######.


Dungeon Overview and Level Annotations

Branches:
Dungeon (3/15)

Altars:

Annotations:
D:3 Grinder


Innate Abilities, Weirdness & Mutations

You have extremely sharp teeth.
When hurt, damage is shared between your health and your magic reserves.
Your bite disrupts and absorbs the magic of your enemies.
Potions cannot restore your health.
You are immune to rotting.


Message History

e - 16 poisoned darts (gained 1)
You barely miss the quokka. The quokka barely misses you. x2
You hit the quokka.
The quokka is heavily wounded.
The quokka misses you.
You closely miss the quokka.
The quokka is heavily wounded.
The quokka bites you.
You miss the quokka.
The quokka is heavily wounded.
The quokka closely misses you.
You hit the quokka.
The quokka is almost dead.
The quokka barely misses you.
You barely miss the quokka.
The quokka is almost dead.
The quokka bites you. The quokka barely misses you.
You miss the quokka.
The quokka is almost dead.
A leopard gecko comes into view.
The quokka bites you.
* * * LOW HITPOINT WARNING * * *
You closely miss the quokka.
The leopard gecko hisses angrily.
The quokka is almost dead.
The quokka closely misses you.
You hit the quokka but do no damage. You bite the quokka, but do no damage.
The quokka is almost dead.
The quokka bites you.
* * * LOW HITPOINT WARNING * * *
You barely miss the quokka.
The quokka is almost dead.
The quokka bites you.
* * * LOW HITPOINT WARNING * * *
Casting: Sandblast (safe; 4% risk of failure)
Confirm with . or Enter, or press ? or * to list all spells.
Aiming: Sandblast (safe; 4% risk of failure)
Press: ? - help, Shift-Dir - straight line, f - quokka
Aim: a quokka (almost dead)
You miscast Sandblast.
You are very lightly contaminated with residual magic.
Nothing appears to happen.
The quokka closely misses you. The quokka barely misses you.
Unknown command.
Casting: Sandblast (safe; 4% risk of failure)
Confirm with . or Enter, or press ? or * to list all spells.
Aiming: Sandblast (safe; 4% risk of failure)
Press: ? - help, Shift-Dir - straight line, f/p - quokka
Aim: a quokka (almost dead)
The blast of sand hits the quokka.
You kill the quokka!
b - 33 stones Unknown command.
Casting: Sandblast (safe; 4% risk of failure)
Confirm with . or Enter, or press ? or * to list all spells.
Aiming: Sandblast (safe; 4% risk of failure)
Press: ? - help, Shift-Dir - straight line, f - leopard gecko
Aim: a leopard gecko The blast of sand misses the leopard gecko.
b - 32 stones The leopard gecko barely misses you.
Unknown command.
The leopard gecko bites you.
You die...

...... ....
.... ... ..#
#.# #†# #####†#
#.@l..# #.#####
#.#######
#.......#
#######.#
#....##.#
#.##.)..#.#
#####.###.....#
#...#.###.#####


You could see a leopard gecko.

Vanquished Creatures
  An adder (D:2)
  A leopard gecko (D:1)
  A ball python (D:3)
  3 bats
  3 hobgoblins
  3 kobolds
  A quokka (D:3)
  A frilled lizard (D:1)
  2 goblins
  A rat (D:1)
17 creatures vanquished.

Notes
Turn   | Place    | Note
-------+----------+-------------------------------------------
     0 | D:1      | Amnesiac the Vine Stalker Earth Elementalist began the
                  | quest for the Orb.
     0 | D:1      | Reached XP level 1. HP: 9/9 MP: 4/4
   121 | D:1      | Reached XP level 2. HP: 8/13 MP: 6/6
   148 | D:1      | Learned a level 2 spell: Passwall
   595 | D:3      | Noticed Grinder
   605 | D:3      | Reached XP level 3. HP: 16/16 MP: 7/7
   646 | D:3      | Slain by a leopard gecko

Illustrated notes

Levels and vault maps discovered:
D:1:      erik_arrival_cave_to_civilisation [erik_arrival_cave_to_hall],
          layout_basic, minmay_misc_feat_iff
D:2:      cheibrodos_helix_gallery, layout_loops_ring
D:3:      layout_basic, grunt_temple_overflow_forces_of_nature, uniq_ijyb,
          uniq_sigmund, uniq_grinder

Skill      XL: |  1  2 |
---------------+-------+-----
Stealth        | 3 |  3.0
Dodging        | |  1.5
Spellcasting   | |  2.6
Transmutations | |  1.0
Earth Magic    | |  3.6

Action                   || total
-------------------------++-------
Melee: Dagger            ||    52
       Unarmed           ||     4
       Bite              ||    12
Throw: Stone             ||     2
 Cast: Sandblast         ||     4
 Stab: Sleeping          ||     3
Armor: Robe              ||     8
Dodge: Dodged            ||    46

Table legend:
 A = Non-vault XP
 B = Vault XP
 C = Vault XP percentage of total XP
 D = Non-vault monster count
 E = Vault monster count
 F = Vault count percentage of total count
                 A         B        C        D         E       F
            +---------+---------+-------+---------+---------+-------
      Total |      36 |       4 |  10.0 |      15 |       2 |  11.8
            +---------+---------+-------+---------+---------+-------
        D:1 |      11 |       4 |  26.7 |       7 |       2 |  22.2
        D:2 |      16 |       0 |   0.0 |       3 |       0 |   0.0
        D:3 |       9 |       0 |   0.0 |       5 |       0 |   0.0
            +---------+---------+-------+---------+---------+-------
